| TOP OF THE 1ST |
|
Round Rock Express batting - Pitching for Buffalo Bisons : RHP Art Nobles
|
|
Pitching: RHP Art Nobles
|
|
|
Batting: SHB Seung-ho Zhang
|
0-0: Ball 1-0: Ball 2-0: Ground out 4-3 (Groundball, 4S, EV 83.1 MPH)
|
|
Batting: LHB Barend van der Kamp
|
0-0: Ball 1-0: Fly out, F6 (Line Drive, 6, EV 65.6 MPH)
|
|
Batting: RHB Ryan Kinkead
|
0-0: Ball 1-0: SINGLE (Groundball, 4MD, EV 96.2 MPH)
|
|
Batting: RHB Noah Stanley
|
0-0: Ball 1-0: Ball 2-0: Ground out 4-3 (Groundball, 34, EV 93.1 MPH)
|
| Top of the 1st over - 0 runs, 1 hit, 0 errors, 1 left on base; Round Rock 0 - Buffalo 0 |
| BOTTOM OF THE 1ST |
|
Buffalo Bisons batting - Pitching for Round Rock Express : RHP Mike Powell
|
|
Pitching: RHP Mike Powell
|
|
|
Batting: SHB Bran Stark
|
0-0: Ground out U3 (Groundball, 3S, EV 87.5 MPH)
|
|
Batting: RHB Alex Ramos
|
0-0: Ball 1-0: Ball 2-0: Foul Ball, location: 2F 2-1: Ball 3-1: Base on Balls
|
|
Batting: LHB Isto Mäyrä
|
0-0: Called Strike 0-1: Ball 1-1: Ball 2-1: Fly out, F7 (Line Drive, 7D, EV 93.8 MPH)
|
|
Batting: RHB Zhi-bin Ou-yang
|
0-0: Ball 1-0: Foul Ball, location: 2F 1-1: Ball 2-1: Ball 3-1: Base on Balls Alex Ramos to second
|
|
Batting: LHB Jack Bell
|
0-0: Called Strike 0-1: Fly out, F7 (Line Drive, 78M, EV 101.9 MPH)
|
| Bottom of the 1st over - 0 runs, 0 hits, 0 errors, 2 left on base; Round Rock 0 - Buffalo 0 |
| TOP OF THE 2ND |
|
Round Rock Express batting - Pitching for Buffalo Bisons : RHP Art Nobles
|
|
Batting: LHB Cooper Broomhall
|
0-0: Ball 1-0: Swinging Strike 1-1: Called Strike 1-2: SOLO HOME RUN (Flyball, 9D, EV 100.0 MPH), Distance : 405 ft
|
|
Batting: RHB Ernie Weathersbee
|
0-0: Ball 1-0: Called Strike 1-1: Called Strike 1-2: Foul Ball, location: 2F 1-2: Ground out 3-1 (Groundball, 34, EV 98.1 MPH)
|
|
Batting: RHB Ivan Colon
|
0-0: Called Strike 0-1: Ball 1-1: Ball 2-1: Ball 3-1: Called Strike 3-2: Foul Ball, location: 2F 3-2: SINGLE (Groundball, 56D, EV 106.2 MPH)
|
|
Batting: RHB Jordan Fairburn
|
0-0: Called Strike 0-1: Called Strike 0-2: Foul Ball, location: 2F 0-2: Ball 1-2: Strikes out swinging
|
|
Batting: RHB Jeremy Boerman
|
0-0: Ball 1-0: Called Strike 1-1: Called Strike 1-2: Ball 2-2: Ground out 4-3 (Groundball, 4, EV 86.2 MPH)
|
| Top of the 2nd over - 1 run, 2 hits, 0 errors, 1 left on base; Round Rock 1 - Buffalo 0 |
| BOTTOM OF THE 2ND |
|
Buffalo Bisons batting - Pitching for Round Rock Express : RHP Mike Powell
|
|
Batting: RHB Francisco Hernandez
|
0-0: Called Strike 0-1: Ground out 4-3 (Groundball, 4M, EV 105.6 MPH)
|
|
Batting: RHB Danny Eberhart
|
0-0: Called Strike 0-1: Ball 1-1: Foul Ball, location: 2F 1-2: Ground out 3-1 (Groundball, 34, EV 103.1 MPH)
|
|
Batting: RHB Danny Heyer
|
0-0: Called Strike 0-1: Foul Ball, location: 2F 0-2: SINGLE (Groundball, 56D, EV 94.4 MPH)
|
|
Batting: RHB Bobby Lasaguna
|
0-0: Ball 1-0: Called Strike 1-1: Ball 2-1: Swinging Strike 2-2: Fly out, F8 (Line Drive, 78M, EV 95.6 MPH)
|
| Bottom of the 2nd over - 0 runs, 1 hit, 0 errors, 1 left on base; Round Rock 1 - Buffalo 0 |
| TOP OF THE 3RD |
|
Round Rock Express batting - Pitching for Buffalo Bisons : RHP Art Nobles
|
|
Batting: SHB Seung-ho Zhang
|
0-0: Swinging Strike 0-1: Ball 1-1: Swinging Strike 1-2: Ground out U3 (Groundball, 34, EV 101.2 MPH)
|
|
Batting: LHB Barend van der Kamp
|
0-0: Called Strike 0-1: Swinging Strike 0-2: Strikes out swinging
|
|
Batting: RHB Ryan Kinkead
|
0-0: Ball 1-0: Swinging Strike 1-1: Foul Ball, location: 2F 1-2: Ball 2-2: Foul Ball, location: 2F 2-2: Fly out, F7 (Line Drive, 7LM, EV 100.6 MPH)
|
| Top of the 3rd over - 0 runs, 0 hits, 0 errors, 0 left on base; Round Rock 1 - Buffalo 0 |
| BOTTOM OF THE 3RD |
|
Buffalo Bisons batting - Pitching for Round Rock Express : RHP Mike Powell
|
|
Batting: SHB Bran Stark
|
0-0: Called Strike 0-1: Swinging Strike 0-2: Ball 1-2: Strikes out swinging, 2-3 out at first.
|
|
Batting: RHB Alex Ramos
|
0-0: Ball 1-0: Ball 2-0: Swinging Strike 2-1: Ball 3-1: Ground out 6-3 (Groundball, 6, EV 90.6 MPH)
|
|
Batting: LHB Isto Mäyrä
|
0-0: Called Strike 0-1: Ball 1-1: Foul Ball, location: 2F 1-2: Ball 2-2: Ball 3-2: DOUBLE (Line Drive, 78XD, EV 102.5 MPH)
|
|
Batting: RHB Zhi-bin Ou-yang
|
0-0: Ball 1-0: Ball 2-0: Ball 3-0: Called Strike 3-1: Foul Ball, location: 2F 3-2: SINGLE (Line Drive, 7S, EV 104.4 MPH) Isto Mäyrä to third Runner from 3rd tries for Home, SAFE, throw by LF to home
|
|
Batting: LHB Jack Bell
|
0-0: Ball 1-0: Fly out, F7 (Flyball, 7, EV 86.9 MPH)
|
| Bottom of the 3rd over - 1 run, 2 hits, 0 errors, 1 left on base; Round Rock 1 - Buffalo 1 |
| TOP OF THE 4TH |
|
Round Rock Express batting - Pitching for Buffalo Bisons : RHP Art Nobles
|
|
Batting: RHB Noah Stanley
|
0-0: Ball 1-0: Ball 2-0: Ball 3-0: Foul Ball, location: 2F 3-1: Called Strike 3-2: Base on Balls
|
|
Batting: LHB Cooper Broomhall
|
0-0: Ball 1-0: Called Strike 1-1: Foul Ball, location: 2F 1-2: Fielders Choice at 2nd, 5-4 (Groundball, 56, EV 80.6 MPH)
|
|
Batting: RHB Ernie Weathersbee
|
0-0: Called Strike 0-1: Swinging Strike 0-2: Ball 1-2: Strikes out swinging
|
|
Batting: RHB Ivan Colon
|
0-0: SINGLE (Groundball, 34D, EV 105.0 MPH) Cooper Broomhall to second Runner from 2nd tries for 3rd, SAFE, throw by RF made to third
|
|
Batting: RHB Jordan Fairburn
|
0-0: Ball 1-0: Foul Ball, location: 2F 1-1: Swinging Strike 1-2: SINGLE (Line Drive, 56D, EV 94.4 MPH) Cooper Broomhall scores Ivan Colon to second Runner from 2nd tries for 3rd, OUT! 7-5
|
| Top of the 4th over - 1 run, 2 hits, 0 errors, 1 left on base; Round Rock 2 - Buffalo 1 |
| BOTTOM OF THE 4TH |
|
Buffalo Bisons batting - Pitching for Round Rock Express : RHP Mike Powell
|
|
Batting: RHB Francisco Hernandez
|
0-0: Ball 1-0: Called Strike 1-1: Ball 2-1: Foul Ball, location: 2F 2-2: Strikes out swinging
|
|
Batting: RHB Danny Eberhart
|
0-0: Ground out 4-3 (Groundball, 4, EV 89.4 MPH)
|
|
Batting: RHB Danny Heyer
|
0-0: Ball 1-0: Fly out, F8 (Line Drive, 8LD, EV 94.4 MPH)
|
| Bottom of the 4th over - 0 runs, 0 hits, 0 errors, 0 left on base; Round Rock 2 - Buffalo 1 |
| TOP OF THE 5TH |
|
Round Rock Express batting - Pitching for Buffalo Bisons : RHP Art Nobles
|
|
Batting: RHB Jeremy Boerman
|
0-0: Ball 1-0: Fly out, F1 (Line Drive, P, EV 68.8 MPH)
|
|
Batting: SHB Seung-ho Zhang
|
0-0: Ball 1-0: Foul Ball, location: 2F 1-1: Fly out, F7 (Line Drive, 7LS, EV 98.8 MPH)
|
|
Batting: LHB Barend van der Kamp
|
0-0: Ball 1-0: Ball 2-0: DOUBLE (Line Drive, 9LS, EV 98.1 MPH)
|
|
Batting: RHB Ryan Kinkead
|
0-0: Ball 1-0: Swinging Strike 1-1: Ground out 5-3 (Groundball, 56S, EV 89.4 MPH)
|
| Top of the 5th over - 0 runs, 1 hit, 0 errors, 1 left on base; Round Rock 2 - Buffalo 1 |
| BOTTOM OF THE 5TH |
|
Buffalo Bisons batting - Pitching for Round Rock Express : RHP Mike Powell
|
|
Batting: RHB Bobby Lasaguna
|
0-0: Ball 1-0: Foul Ball, location: 2F 1-1: Called Strike 1-2: Foul Ball, location: 2F 1-2: Ground out 6-3 (Groundball, 6, EV 76.2 MPH)
|
|
Batting: SHB Bran Stark
|
0-0: Ball 1-0: Called Strike 1-1: SINGLE (Line Drive, 7S, EV 110.0 MPH)
|
|
Batting: RHB Alex Ramos
|
0-0: Ball 1-0: Swinging Strike 1-1: Ball 2-1: Ball 3-1: Base on Balls Bran Stark to second
|
|
Batting: LHB Isto Mäyrä
|
0-0: Called Strike Bran Stark steals 3rd base Alex Ramos to second 0-1: Foul Ball, location: 2F 0-2: Ball 1-2: Ball 2-2: Fly out, F8 (Flyball, 8RM, EV 90.0 MPH)
|
|
Batting: RHB Zhi-bin Ou-yang
|
0-0: Ball 1-0: Foul Ball, location: 2F 1-1: SINGLE (Groundball, 3S, EV 68.1 MPH) (infield hit) Bran Stark scores Alex Ramos to third
|
|
Batting: LHB Jack Bell
|
0-0: Ball 1-0: Ball 2-0: Called Strike 2-1: Swinging Strike 2-2: Foul Ball, location: 2F 2-2: Foul Ball, location: 2F 2-2: SINGLE (Groundball, 34, EV 76.2 MPH) (infield hit) Alex Ramos scores Zhi-bin Ou-yang to second
|
|
Batting: RHB Francisco Hernandez
|
0-0: Ball 1-0: Foul Ball, location: 2F 1-1: Ball 2-1: Called Strike 2-2: Ball 3-2: Foul Ball, location: 2F 3-2: SINGLE (Groundball, 6MD, EV 103.8 MPH) Zhi-bin Ou-yang to third Jack Bell to second Zhi-bin Ou-yang scores Jack Bell to third
|
|
Batting: RHB Danny Eberhart
|
0-0: Ball 1-0: Ground out 5-3 (Groundball, 56S, EV 88.8 MPH)
|
| Bottom of the 5th over - 3 runs, 4 hits, 0 errors, 2 left on base; Round Rock 2 - Buffalo 4 |
| TOP OF THE 6TH |
|
Round Rock Express batting - Pitching for Buffalo Bisons : RHP Art Nobles
|
|
Batting: RHB Noah Stanley
|
0-0: Foul Ball, location: 2F 0-1: SINGLE (Groundball, 34S, EV 70.6 MPH) (infield hit)
|
|
Batting: LHB Cooper Broomhall
|
0-0: Called Strike 0-1: Fielders Choice at 2nd, 2-6 (Groundball, 2R, EV 71.2 MPH)
|
|
Pinch Hitting: SHB Pat Wilson
|
0-0: SINGLE (Groundball, 25, EV 68.1 MPH) (infield hit) Cooper Broomhall to second
|
|
Batting: RHB Ivan Colon
|
0-0: Called Strike 0-1: Grounds into double play, 5-4-3 (Groundball, 56, EV 83.1 MPH)
|
| Top of the 6th over - 0 runs, 2 hits, 0 errors, 1 left on base; Round Rock 2 - Buffalo 4 |
| BOTTOM OF THE 6TH |
|
Buffalo Bisons batting - Pitching for Round Rock Express : RHP Mike Powell
|
|
Now in LF: Pat Wilson
|
|
|
Batting: RHB Danny Heyer
|
0-0: Called Strike 0-1: Ball 1-1: Fly out, F8 (Flyball, 8RD, EV 103.8 MPH)
|
|
Pitching: RHP Jean-Michel Hamon
|
|
|
Batting: RHB Bobby Lasaguna
|
0-0: Fly out, F8 (Flyball, 89S, EV 93.1 MPH)
|
|
Batting: SHB Bran Stark
|
0-0: Called Strike 0-1: Ball 1-1: Ground out 6-3 (Groundball, 6, EV 95.0 MPH)
|
| Bottom of the 6th over - 0 runs, 0 hits, 0 errors, 0 left on base; Round Rock 2 - Buffalo 4 |
| TOP OF THE 7TH |
|
Round Rock Express batting - Pitching for Buffalo Bisons : RHP Art Nobles
|
|
Batting: RHB Jordan Fairburn
|
0-0: Ball 1-0: Called Strike 1-1: Fly out, F8 (Flyball, 8RD, EV 96.9 MPH)
|
|
Batting: RHB Jeremy Boerman
|
0-0: Ball 1-0: Foul Ball, location: 2F 1-1: Ball 2-1: SINGLE (Groundball, 4M, EV 101.2 MPH) (infield hit)
|
|
Batting: SHB Seung-ho Zhang
|
0-0: Called Strike 0-1: Foul Ball, location: 2F 0-2: Foul Ball, location: 2F 0-2: Ball 1-2: Foul Ball, location: 2F 1-2: Ball 2-2: Ball 3-2: Ground out 4-3 (Groundball, 4M, EV 110.0 MPH) Jeremy Boerman to second
|
|
Batting: LHB Barend van der Kamp
|
0-0: Swinging Strike 0-1: Ground out 5-3 (Groundball, 5L, EV 103.8 MPH)
|
| Top of the 7th over - 0 runs, 1 hit, 0 errors, 1 left on base; Round Rock 2 - Buffalo 4 |
| BOTTOM OF THE 7TH |
|
Buffalo Bisons batting - Pitching for Round Rock Express : RHP Jean-Michel Hamon
|
|
Batting: RHB Alex Ramos
|
0-0: Called Strike 0-1: Ball 1-1: Called Strike 1-2: Ball 2-2: Strikes out looking
|
|
Batting: LHB Isto Mäyrä
|
0-0: Called Strike 0-1: Called Strike 0-2: Strikes out swinging
|
|
Batting: RHB Zhi-bin Ou-yang
|
0-0: Foul Ball, location: 2F 0-1: Ball 1-1: Foul Ball, location: 2F 1-2: Foul Ball, location: 2F 1-2: Strikes out swinging
|
| Bottom of the 7th over - 0 runs, 0 hits, 0 errors, 0 left on base; Round Rock 2 - Buffalo 4 |
| TOP OF THE 8TH |
|
Round Rock Express batting - Pitching for Buffalo Bisons : RHP Art Nobles
|
|
Now at 2B: Leo Mair
|
|
|
Batting: RHB Ryan Kinkead
|
0-0: Ground out U3 (Groundball, 3, EV 83.1 MPH)
|
|
Batting: RHB Noah Stanley
|
0-0: Called Strike 0-1: Called Strike 0-2: SINGLE (Groundball, 4M, EV 108.8 MPH) (infield hit)
|
|
Batting: LHB Cooper Broomhall
|
0-0: Ball 1-0: Fly out, F8 (Flyball, 8RD, EV 93.1 MPH)
|
|
Batting: SHB Pat Wilson
|
0-0: Ball 1-0: Ball 2-0: Foul Ball, location: 2F 2-1: Ball 3-1: Called Strike 3-2: Strikes out swinging
|
| Top of the 8th over - 0 runs, 1 hit, 0 errors, 1 left on base; Round Rock 2 - Buffalo 4 |
| BOTTOM OF THE 8TH |
|
Buffalo Bisons batting - Pitching for Round Rock Express : RHP Jean-Michel Hamon
|
|
Batting: LHB Jack Bell
|
0-0: Ball 1-0: Ball 2-0: Ground out 5-3 (Groundball, 56D, EV 103.1 MPH)
|
|
Batting: RHB Francisco Hernandez
|
0-0: Ground out 6-3 (Groundball, 6, EV 90.0 MPH)
|
|
Batting: RHB Danny Eberhart
|
0-0: Ground out 4-3 (Groundball, 4M, EV 108.8 MPH)
|
| Bottom of the 8th over - 0 runs, 0 hits, 0 errors, 0 left on base; Round Rock 2 - Buffalo 4 |
| TOP OF THE 9TH |
|
Round Rock Express batting - Pitching for Buffalo Bisons : RHP Art Nobles
|
|
Pitching: RHP Jack Overbeek
|
|
|
Batting: RHB Ivan Colon
|
0-0: DOUBLE (Flyball, 89D, EV 105.6 MPH)
|
|
Pinch Hitting: SHB Javy Rosa
|
0-0: Foul Ball, location: 2F 0-1: Foul Ball, location: 2F 0-2: Strikes out swinging
|
|
Pinch Hitting: SHB Dan Lash
|
0-0: Called Strike 0-1: Ball 1-1: Swinging Strike 1-2: Ground out 4-3 (Groundball, 4, EV 89.4 MPH) Ivan Colon to third
|
|
Batting: SHB Seung-ho Zhang
|
0-0: Ball 1-0: Called Strike 1-1: Ground out 3-1 (Groundball, 34, EV 97.5 MPH)
|
| Top of the 9th over - 0 runs, 1 hit, 0 errors, 1 left on base; Round Rock 2 - Buffalo 4 |
|